 Dungeon Crawl Stone Soup version 0.18-a0-1702-gd20c6a5 (webtiles) character file.

102 barb4r1an the Skirmisher (level 4, -5/41 HPs)
             Began as a Minotaur Berserker on Apr 7, 2016.
             Was a Believer of Trog.
             Killed by nerve-wracking pain
             ... invoked by Grinder
              (9 damage)
             ... while paralysed by Grinder
             ... on level 3 of the Dungeon.
             The game lasted 00:06:10 (2109 turns).

barb4r1an the Skirmisher (Minotaur Berserker)       Turns: 2109, Time: 00:06:10

Health: -5/41      AC:  3    Str: 23    XL:     4   Next: 49%
Magic:  3/3        EV:  2    Int:  4    God:    Trog [**....]
Gold:   106        SH:  0    Dex:  9    Spells: 0 memorised, 3 levels left

rFire  . . .     SeeInvis .     i - +2 dagger (venom)
rCold  . . .     Gourm    .     k - +0 leather armour
rNeg   . . .     Faith    .     (no shield)
rPois  .         Spirit   .     (helmet restricted)
rElec  .         Dismiss  .     (no cloak)
rCorr  .         Reflect  .     (no gloves)
SustAt .         Harm     .     (no boots)
MR     .....                    (no amulet)
Stlth  +.........               (no ring)
                                (no ring)

@: paralysed, exhausted, slowed, not resistant to hostile enchantments, very
unstealthy
A: retaliatory headbutt, horns 2
a: Berserk, Trog's Hand, Burn Spellbooks, Renounce Religion


You were on level 3 of the Dungeon.
You worshipped Trog.
Trog was pleased with you.
You were not hungry.

You visited 1 branch of the dungeon, and saw 3 of its levels.

You collected 106 gold pieces.

Inventory:

Hand Weapons
 a - a +0 short sword
 i - a +2 dagger of venom (weapon)
Armour
 b - a +0 animal skin
 k - a +0 leather armour (worn)
Jewellery
 r - an uncursed amulet of regeneration {unknown}
Scrolls
 e - a scroll of teleportation
 g - a scroll of enchant weapon
 j - a scroll of noise {unknown}
Potions
 d - 2 potions of curing {unknown}
 h - a potion of cancellation {unknown}
 m - a potion of heal wounds {unknown}
Comestibles
 c - a bread ration
 f - 2 slices of pizza
 l - a fruit
 o - a beef jerky


   Skills:
 + Level 4.6 Fighting
 + Level 4.1 Short Blades
 + Level 3.2 Armour
 + Level 2.9 Dodging
 - Level 0.5 Stealth


You had 3 spell levels left.
You didn't know any spells.

Dungeon Overview and Level Annotations

Branches:
Dungeon (3/15)

Altars:
Ashenzari
Gozag

Annotations:
D:3 Grinder


Innate Abilities, Weirdness & Mutations

You reflexively headbutt those who attack you in melee.
You have a pair of horns on your head.


Message History

A goblin comes into view. It is wielding a club.
You hit Grinder. You headbutt Grinder.
Grinder is moderately wounded.
Grinder says, "What is the universe for?"
Grinder hits you.
You writhe in agony. x2; Grinder hits you!
* * * LOW HITPOINT WARNING * * *
You writhe in agony. x2
You hit Grinder.
Grinder is moderately wounded.
Grinder gestures.
Grinder blinks!
Grinder says, "DUCK!"
Grinder closely misses you. Grinder gestures at you.
You suddenly lose the ability to move!
The goblin hits you with a club.
* * * LOW HITPOINT WARNING * * *
Grinder gestures at you. Pain shoots through your body!
You die...

#.#.#.###.#
#.........# .. ###
#<# .#.
..########.# ....
#.......##.# ...
#.#####.##.#
#.###.##.......#
.###.....##.##.####
.......g@##.##.#
####....5..?.[.#
#.....#######
##...## #####


You could see Grinder and a goblin.

Vanquished Creatures
  6 adders (D:2)
  A dart slug (D:2)
  4 giant geckos
  An orc (D:3)
  7 bats
  6 goblins
  5 hobgoblins (D:2)
  4 giant newts
  6 kobolds
  6 rats
46 creatures vanquished.

Notes
Turn   | Place    | Note
--------------------------------------------------------------
     0 | D:1      | barb4r1an the Minotaur Berserker began the quest for the Orb.
     0 | D:1      | Reached XP level 1. HP: 19/19 MP: 0/0
   403 | D:1      | Reached XP level 2. HP: 24/27 MP: 1/1
  1243 | D:2      | Reached ** piety under Trog
  1243 | D:2      | Reached XP level 3. HP: 12/33 MP: 2/2
  1561 | D:2      | Found an opulent altar of Gozag.
  1580 | D:2      | Found a shattered altar of Ashenzari.
  1766 | D:2      | Reached XP level 4. HP: 41/41 MP: 3/3
  2083 | D:3      | Noticed Grinder
  2108 | D:3      | Paralysed by Grinder for 7 turns
  2109 | D:3      | Killed from afar by Grinder

Vault maps used:
D:1:      minmay_arrival_four_circles, kennysheep_pointless_box
D:2:      ashenzari_altar_1, first_bread, nicolae_gozag_seed_capital
D:3:      trog_hazing_becter, uniq_grinder

Skill      XL: |  1  2  3  4 |
---------------+-------------+-----
Fighting       | 4 |  4.6
Short Blades   | 4 |  4.1
Armour         | 3 |  3.2
Dodging        | |  2.9
Stealth        | |  0.5

Action                   |  1- 3 |  4- 6 || total
-------------------------+-------+-------++-------
Melee: Short sword       |     8 |       ||     8
       Dagger            |    48 |    33 ||    81
Invok: Berserk           |       |     1 ||     1
  Use: Scroll            |       |     6 ||     6
 Stab: Sleeping          |     1 |       ||     1
  Eat: Pizza             |     1 |       ||     1
       Bread ration      |       |     1 ||     1
